[ AOE2 MATCH · #504789783 ]
UnrankedKoreans vs Maya
Player's team · WIN
Rival team · LOSS
[ REPLAY ANALYSIS · EXTRACTED FROM THE RECORDED GAME ]
Feudal
11:43
Castle
18:52
Imperial
—
| APM avg | 52.3 |
| APM peak | 82 |
| eAPM avg | 27.8 |
| Villagers / military | 83 / 28 |
Focus
⚔️ 28.3% · 🌾 71.7%
War Wagon ×10 · Militia ×6 · Skirmisher ×6 · Knight ×3 · Battering Ram ×2 · Iron Pagoda ×1
Feudal
9:32
Castle
22:01
Imperial
—
| APM avg | 55.3 |
| APM peak | 98 |
| eAPM avg | 29.2 |
| Villagers / military | 62 / 29 |
Focus
⚔️ 39.0% · 🌾 61.0%
Skirmisher ×12 · Eagle Scout ×8 · Archer ×5 · Monk ×2 · Mangonel ×1 · Spearman ×1
Match map
Initial resources + every placement click. Lines = walls · curves = elevation contours. ◆ gold · ⬟ stone · ● berries · ✦ relic · ◌ wall gap
Your base· Open — opponent sealed themselves in
MerlinAoE's base· ✓ Closed at 22:01 · 44t walls · no gate
Smoothed initial terrain · ◌ = detected wall gap · hover for details
Inputs per minute
— OS+ | Emil :D - - MerlinAoE
Build order — OS+ | Emil :D
First 150 of 202 actions detected
| 0:00 | Create | Villager (Male) |
| 0:01 | Create | Villager (Male) |
| 0:02 | Build | House |
| 0:02 | Build | House |
| 0:06 | Create | Villager (Male) |
| 0:06 | Create | Villager (Male) |
| 1:21 | Build | Lumber Camp |
| 1:31 | Create | Villager (Male) |
| 1:54 | Create | Villager (Male) |
| 1:55 | Create | Villager (Male) |
| 2:23 | Create | Villager (Male) |
| 2:23 | Create | Villager (Male) |
| 2:42 | Create | Villager (Male) |
| 2:42 | Create | Villager (Male) |
| 3:10 | Create | Villager (Male) |
| 3:10 | Create | Villager (Male) |
| 3:23 | Build | House |
| 3:36 | Create | Villager (Male) |
| 3:36 | Create | Villager (Male) |
| 4:05 | Build | Barracks |
| 4:09 | Create | Villager (Male) |
| 4:09 | Create | Villager (Male) |
| 4:39 | Create | Villager (Male) |
| 4:39 | Create | Villager (Male) |
| 4:54 | Create | Villager (Male) |
| 4:57 | Create | Militia |
| 4:59 | Build | House |
| 5:15 | Create | Villager (Male) |
| 5:22 | Create | Militia |
| 5:22 | Create | Militia |
| 5:39 | Create | Villager (Male) |
| 5:45 | Build | Mill |
| 6:07 | Create | Villager (Male) |
| 6:19 | Create | Militia |
| 6:50 | Create | Villager (Male) |
| 7:00 | Create | Militia |
| 7:01 | Create | Villager (Male) |
| 7:07 | Build | House |
| 7:11 | Create | Villager (Male) |
| 7:14 | Create | Villager (Male) |
| 7:18 | Build | Mining Camp |
| 7:23 | Create | Militia |
| 7:33 | Build | House |
| 8:04 | Create | Villager (Male) |
| 8:29 | Create | Villager (Male) |
| 8:50 | Build | Mill |
| 9:05 | Research | Loom |
| 9:32 | Research | Feudal Age |
| 9:52 | Build | House |
| 9:54 | Build | Palisade Wall |
| 10:15 | Build | Mill |
| 10:19 | Build | Mill |
| 10:21 | Build | Palisade Wall |
| 10:23 | Build | Palisade Wall |
| 10:40 | Build | Palisade Wall |
| 10:42 | Build | Palisade Wall |
| 11:26 | Create | Villager (Male) |
| 11:43 | Age | Feudal Age |
| 11:47 | Build | Archery Range |
| 11:49 | Build | Palisade Wall |
| 11:50 | Build | Palisade Wall |
| 11:59 | Research | Double-Bit Axe |
| 12:00 | Research | Double-Bit Axe |
| 12:00 | Create | Villager (Male) |
| 12:01 | Create | Villager (Male) |
| 12:09 | Build | Palisade Wall |
| 12:11 | Build | Palisade Wall |
| 12:22 | Create | Villager (Male) |
| 12:26 | Create | Skirmisher |
| 12:30 | Build | House |
| 12:34 | Create | Skirmisher |
| 12:36 | Create | Villager (Male) |
| 12:54 | Build | Farm |
| 12:55 | Build | Farm |
| 12:59 | Create | Skirmisher |
| 13:01 | Create | Villager (Male) |
| 13:26 | Build | Farm |
| 13:27 | Build | Farm |
| 13:28 | Create | Villager (Male) |
| 13:53 | Create | Villager (Male) |
| 14:07 | Build | Mining Camp |
| 14:14 | Create | Skirmisher |
| 14:35 | Build | Blacksmith |
| 14:43 | Create | Skirmisher |
| 14:47 | Create | Villager (Male) |
| 14:54 | Build | Farm |
| 15:08 | Build | Palisade Wall |
| 15:23 | Create | Villager (Male) |
| 15:29 | Build | House |
| 15:31 | Build | House |
| 15:35 | Build | Palisade Gate |
| 15:37 | Build | Palisade Wall |
| 15:38 | Build | House |
| 16:09 | Build | Farm |
| 16:11 | Build | Farm |
| 16:12 | Research | Castle Age |
| 16:50 | Research | Horse Collar |
| 17:05 | Research | Fletching |
| 17:20 | Build | Stable |
| 17:45 | Build | House |
| 18:03 | Create | Villager (Male) |
| 18:06 | Create | Skirmisher |
| 18:36 | Build | Palisade Wall |
| 18:52 | Age | Castle Age |
| 18:56 | Create | Villager (Male) |
| 18:58 | Build | Castle |
| 19:01 | Build | House |
| 19:14 | Create | Knight |
| 19:15 | Create | Knight |
| 19:25 | Build | Palisade Wall |
| 19:28 | Build | Palisade Wall |
| 19:30 | Build | Palisade Wall |
| 19:33 | Build | Palisade Wall |
| 19:36 | Create | Villager (Male) |
| 19:38 | Create | Knight |
| 19:43 | Create | Villager (Male) |
| 20:00 | Build | Town Center |
| 20:08 | Create | Villager (Male) |
| 20:14 | Build | Palisade Wall |
| 20:19 | Build | Palisade Wall |
| 20:33 | Create | Villager (Male) |
| 20:37 | Build | Farm |
| 20:38 | Build | Farm |
| 20:38 | Build | Farm |
| 20:38 | Build | Farm |
| 21:07 | Build | Farm |
| 21:07 | Build | Farm |
| 21:10 | Create | War Wagon |
| 21:10 | Create | War Wagon |
| 21:13 | Create | Villager (Male) |
| 21:14 | Create | Villager (Male) |
| 21:20 | Build | Farm |
| 21:39 | Build | Farm |
| 21:44 | Build | Farm |
| 21:47 | Create | Villager (Male) |
| 21:47 | Create | Villager (Male) |
| 22:05 | Build | Watch Tower |
| 22:07 | Create | War Wagon |
| 22:07 | Create | War Wagon |
| 22:08 | Create | Villager (Male) |
| 22:08 | Create | Villager (Male) |
| 22:08 | Create | Villager (Male) |
| 22:24 | Create | Villager (Male) |
| 22:24 | Create | Villager (Male) |
| 22:33 | Build | Siege Workshop |
| 22:41 | Create | Villager (Male) |
| 22:43 | Create | Villager (Male) |
| 23:07 | Create | Villager (Male) |
| 23:16 | Create | Battering Ram |
| 23:17 | Create | Villager (Male) |
Build order — MerlinAoE
First 150 of 158 actions detected
| 0:01 | Create | Villager (Male) |
| 0:01 | Create | Villager (Male) |
| 0:04 | Research | Loom |
| 0:05 | Build | House |
| 0:07 | Build | House |
| 0:22 | Create | Villager (Male) |
| 0:23 | Create | Villager (Male) |
| 0:38 | Create | Villager (Male) |
| 1:38 | Create | Villager (Male) |
| 1:39 | Create | Villager (Male) |
| 2:05 | Create | Villager (Male) |
| 2:06 | Create | Villager (Male) |
| 2:16 | Create | Villager (Male) |
| 2:16 | Create | Villager (Male) |
| 2:23 | Build | Lumber Camp |
| 2:41 | Create | Villager (Male) |
| 2:41 | Create | Villager (Male) |
| 2:53 | Create | Villager (Male) |
| 2:53 | Create | Villager (Male) |
| 3:34 | Build | House |
| 3:39 | Create | Villager (Male) |
| 3:40 | Create | Villager (Male) |
| 3:51 | Create | Villager (Male) |
| 4:28 | Build | Mill |
| 4:30 | Create | Villager (Male) |
| 5:06 | Create | Villager (Male) |
| 5:33 | Create | Villager (Male) |
| 6:29 | Create | Villager (Male) |
| 6:43 | Build | House |
| 7:22 | Research | Feudal Age |
| 7:57 | Build | Barracks |
| 8:43 | Create | Villager (Male) |
| 9:01 | Build | Mining Camp |
| 9:32 | Age | Feudal Age |
| 10:01 | Create | Villager (Male) |
| 10:14 | Build | Archery Range |
| 10:24 | Create | Villager (Male) |
| 10:50 | Create | Villager (Male) |
| 10:51 | Research | Double-Bit Axe |
| 11:05 | Create | Archer |
| 11:09 | Create | Spearman |
| 11:14 | Build | House |
| 11:19 | Create | Villager (Male) |
| 11:21 | Create | Villager (Male) |
| 11:23 | Build | Mill |
| 11:36 | Create | Archer |
| 11:45 | Build | Farm |
| 11:46 | Build | Farm |
| 11:52 | Build | House |
| 11:57 | Create | Archer |
| 12:09 | Create | Villager (Male) |
| 12:26 | Build | Farm |
| 12:27 | Create | Villager (Male) |
| 12:44 | Build | House |
| 12:45 | Create | Villager (Male) |
| 13:01 | Build | Farm |
| 13:03 | Build | Farm |
| 13:07 | Create | Villager (Male) |
| 13:14 | Create | Archer |
| 13:16 | Create | Villager (Male) |
| 13:19 | Build | Farm |
| 13:52 | Build | Palisade Wall |
| 13:57 | Build | Palisade Wall |
| 13:59 | Create | Villager (Male) |
| 14:06 | Create | Eagle Scout |
| 14:08 | Create | Villager (Male) |
| 14:09 | Build | Farm |
| 14:11 | Build | Farm |
| 14:14 | Create | Skirmisher |
| 14:24 | Build | Palisade Wall |
| 14:25 | Create | Villager (Male) |
| 14:39 | Build | Farm |
| 14:43 | Build | Farm |
| 14:45 | Build | Farm |
| 14:53 | Create | Eagle Scout |
| 14:58 | Create | Skirmisher |
| 15:00 | Create | Villager (Male) |
| 15:05 | Create | Villager (Male) |
| 15:07 | Build | House |
| 15:12 | Create | Villager (Male) |
| 15:22 | Build | Palisade Wall |
| 15:23 | Build | Palisade Wall |
| 15:28 | Create | Skirmisher |
| 15:34 | Build | House |
| 15:37 | Build | House |
| 15:45 | Build | Farm |
| 15:46 | Create | Villager (Male) |
| 15:49 | Create | Villager (Male) |
| 15:54 | Create | Archer |
| 16:02 | Create | Villager (Male) |
| 16:06 | Build | Farm |
| 16:20 | Create | Eagle Scout |
| 16:22 | Create | Eagle Scout |
| 16:22 | Create | Skirmisher |
| 16:34 | Create | Villager (Male) |
| 16:36 | Build | Farm |
| 16:39 | Create | Villager (Male) |
| 17:01 | Create | Villager (Male) |
| 17:10 | Build | Farm |
| 17:13 | Build | Farm |
| 17:14 | Create | Villager (Male) |
| 17:17 | Build | House |
| 17:18 | Create | Villager (Male) |
| 17:38 | Research | Wheelbarrow |
| 17:45 | Create | Villager (Male) |
| 18:10 | Build | Blacksmith |
| 18:21 | Create | Villager (Male) |
| 19:09 | Research | Castle Age |
| 19:11 | Create | Villager (Male) |
| 20:09 | Build | Archery Range |
| 20:13 | Create | Skirmisher |
| 20:15 | Research | Gold Mining |
| 20:16 | Research | Horse Collar |
| 20:49 | Create | Skirmisher |
| 21:14 | Create | Skirmisher |
| 21:14 | Create | Skirmisher |
| 21:17 | Create | Eagle Scout |
| 21:17 | Create | Eagle Scout |
| 21:37 | Build | Palisade Wall |
| 21:44 | Create | Skirmisher |
| 21:45 | Create | Skirmisher |
| 21:45 | Create | Skirmisher |
| 21:48 | Build | Palisade Wall |
| 22:01 | Age | Castle Age |
| 22:05 | Research | Elite Skirmisher (upgrade) |
| 22:31 | Create | Villager (Male) |
| 22:31 | Create | Villager (Male) |
| 22:33 | Research | Bow Saw |
| 22:53 | Research | Fletching |
| 23:00 | Research | Eagle Warrior (upgrade) |
| 23:03 | Research | Squires |
| 23:16 | Create | Villager (Male) |
| 23:21 | Build | House |
| 23:23 | Build | House |
| 23:32 | Create | Villager (Male) |
| 23:40 | Build | Siege Workshop |
| 23:53 | Create | Villager (Male) |
| 24:06 | Create | Eagle Scout |
| 24:13 | Create | Villager (Male) |
| 24:22 | Create | Eagle Scout |
| 24:43 | Create | Mangonel |
| 24:50 | Build | Mining Camp |
| 25:07 | Build | Market |
| 25:13 | Create | Villager (Male) |
| 25:21 | Build | House |
| 25:26 | Build | Monastery |
| 25:35 | Build | Lumber Camp |
| 25:46 | Create | Villager (Male) |
| 25:49 | Build | Farm |
| 25:57 | Create | Monk |
Match timeline
| 4:05 | OS+ | Emil :D · first_building Barracks |
| 7:57 | MerlinAoE · first_building Barracks |
| 9:32 | MerlinAoE · age_up feudal |
| 9:54 | OS+ | Emil :D · wall_segment Palisade Wall x8 |
| 10:14 | MerlinAoE · first_building Archery Range |
| 10:21 | OS+ | Emil :D · wall_segment Palisade Wall x1 |
| 10:23 | OS+ | Emil :D · wall_segment Palisade Wall x1 |
| 10:40 | OS+ | Emil :D · wall_segment Palisade Wall x1 |
| 10:42 | OS+ | Emil :D · wall_segment Palisade Wall x3 |
| 11:43 | OS+ | Emil :D · age_up feudal |
| 11:47 | OS+ | Emil :D · first_building Archery Range |
| 11:49 | OS+ | Emil :D · wall_segment Palisade Wall x1 |
| 11:50 | OS+ | Emil :D · wall_segment Palisade Wall x1 |
| 12:09 | OS+ | Emil :D · wall_segment Palisade Wall x1 |
| 12:11 | OS+ | Emil :D · wall_segment Palisade Wall x8 |
| 13:52 | MerlinAoE · wall_segment Palisade Wall x4 |
| 13:57 | MerlinAoE · wall_segment Palisade Wall x19 |
| 14:24 | MerlinAoE · wall_segment Palisade Wall x15 |
| 15:08 | OS+ | Emil :D · wall_segment Palisade Wall x6 |
| 15:22 | MerlinAoE · wall_segment Palisade Wall x4 |
| 15:23 | MerlinAoE · wall_segment Palisade Wall x1 |
| 15:37 | OS+ | Emil :D · wall_segment Palisade Wall x3 |
| 17:20 | OS+ | Emil :D · first_building Stable |
| 18:36 | OS+ | Emil :D · wall_segment Palisade Wall x2 |
| 18:52 | OS+ | Emil :D · age_up castle |
| 18:58 | OS+ | Emil :D · first_building Castle |
| 19:25 | OS+ | Emil :D · wall_segment Palisade Wall x2 |
| 19:28 | OS+ | Emil :D · wall_segment Palisade Wall x1 |
| 19:30 | OS+ | Emil :D · wall_segment Palisade Wall x1 |
| 19:33 | OS+ | Emil :D · wall_segment Palisade Wall x1 |
| 20:14 | OS+ | Emil :D · wall_segment Palisade Wall x1 |
| 20:19 | OS+ | Emil :D · wall_segment Palisade Wall x1 |
| 21:37 | MerlinAoE · wall_segment Palisade Wall x1 |
| 21:48 | MerlinAoE · wall_segment Palisade Wall x1 |
| 22:01 | MerlinAoE · age_up castle |
| 22:33 | OS+ | Emil :D · first_building Siege Workshop |
| 23:40 | MerlinAoE · first_building Siege Workshop |
| 25:26 | MerlinAoE · first_building Monastery |
| 26:16 | MerlinAoE · first_market_buy 500 stone |
| 27:26 | MerlinAoE · resign |
[ AI ANALYSIS · 1 CREDIT ]
What really happened in this match?
Wolo.gg analyzes every decision: build order, eco, micro, common mistakes by bracket. Personalized analysis on WhatsApp or Discord in 30 seconds.
Civ guide
Koreans
Perfil
Jugador #862991